 Dungeon Crawl Stone Soup version 0.27.1-1-g398f81649c (webtiles) character file.

Game seed: 11413130182167291181

96 acemry the Changer (level 4, -7/28 HPs)
             Began as an Octopode Transmuter on Sept 9, 2021.
             Was an Initiate of Cheibriados.
             Mangled by an ogre (29 damage)
             ... on level 4 of the Dungeon.
             The game lasted 00:05:58 (4159 turns).

acemry the Changer (Octopode Transmuter)            Turns: 4159, Time: 00:05:58

Health: -7/28      AC:  1    Str: 10    XL:     4   Next: 67%
Magic:  4/7        EV: 13    Int: 17    God:    Cheibriados [......]
Gold:   126        SH:  5    Dex: 13    Spells: 3/7 levels left

rFire    . . .     SeeInvis .   f - +0 rapier
rCold    . . .     Faith    .   (no shield)
rNeg     . . .     Spirit   .   (helmet restricted)
rPois    .         Reflect  +   c - amulet of reflection
rElec    .         Harm     .   m - ring of willpower
rCorr    .         Rampage  .   (no ring)
Will     +....                  (no ring)
Stlth    ++........             (no ring)
HPRegen  0.09/turn              (no ring)
MPRegen  0.10/turn              (no ring)
                                (no ring)
                                (no ring)

@: very slow
A: almost no armour, amphibious, 8 rings, camouflage 1, gelatinous body 1,
(nimble swimmer 1), tentacles
a: Renounce Religion, Bend Time


You were on level 4 of the Dungeon.
You worshipped Cheibriados.
Cheibriados was noncommittal.
You visited 2 branches of the dungeon, and saw 5 of its levels.

You collected 126 gold pieces.

Inventory:

Hand Weapons
 b - a +0 dagger
 f - a +0 rapier (weapon)
Missiles
 o - 8 poisoned darts
Jewellery
 c - an amulet of reflection (around mantle)
 m - a ring of willpower (left tentacle)
Wands
 j - a wand of iceblast (18)
Scrolls
 a - a scroll of enchant armour
 h - 2 scrolls of identify
 l - a scroll of fog
 n - a scroll of teleportation
Potions
 d - a potion of curing {unknown}
 e - a potion of mutation {unknown}
 g - 3 potions of degeneration {unknown}
 i - 2 potions of heal wounds {unknown}
 k - a potion of attraction {unknown}


   Skills:
 - Level 1.0 Fighting
 - Level 2.0 Dodging
 - Level 3.0 Unarmed Combat
 - Level 2.0 Spellcasting
 + Level 4.7 Transmutations
 * Level 0.1 Poison Magic


You had 3 spell levels left.
You knew the following spells:

 Your Spells              Type           Power      Damage    Failure   Level
a - Beastly Appendage     Tmut           34%        N/A       2%          1
b - Spider Form           Tmut/Pois      4%         N/A       22%         3

Your spell library contained the following spells:

 Spells                   Type           Power      Damage    Failure   Level
 Wereblood                Tmut           17%        N/A       4%          2
 Foxfire                  Conj/Fire      4%         2x1d4     19%         1
 Conjure Flame            Conj/Fire      1%         6-21      50%         3
 Gell's Gravitas          Tloc           0%         N/A       50%         3
 Inner Flame              Hex/Fire       1%         N/A       50%         3
 Teleport Other           Tloc           1%         N/A       50%         3
 Ice Form                 Ice/Tmut       9%         N/A       58%         4
 Dispersal                Tloc           0%         N/A       100%        6


Dungeon Overview and Level Annotations

Branches:
Dungeon (4/15)             Temple (1/1) D:4

Altars:
Cheibriados
Gozag
Kikubaaqudgha
Makhleb
Qazlal
Ru
Sif Muna
Uskayaw
Wu Jian
The Shining One


Innate Abilities, Weirdness & Mutations

You cannot wear most types of armour.
You are amphibious.
You can wear up to eight rings at the same time.
Your skin changes colour to match your surroundings (Stealth+).
Your rubbery body absorbs attacks. (AC +1, EV +1)
((You are camouflaged near water. (Stealth+)))
You have tentacles for arms and can constrict up to eight enemies at once.


Message History

You curl up in front of the altar of Cheibriados.
Cheibriados welcomes you!
Cheibriados begins to support your attributes as your movement slows.
You can now bend time to slow others.
There is a staircase back to the Dungeon here.
Done exploring.
Done exploring.
(D) Dungeon (T) Temple
Where to? (Enter - Temple @ (x,y), ? - help) You're already at the bottom of this branch!
(D) Dungeon (T) Temple
Where to? (Enter - Temple, ? - help)
You climb upwards.
Welcome back to the Dungeon!
There is a staircase to the Ecumenical Temple here.
You open the door.
A kobold comes into view. It is wielding a +0 dagger.
A kobold is nearby!
An ogre comes into view. It is wielding a +0 giant spiked club.
There is an open door here.
The kobold shouts!
The ogre shouts!
Okay, then.
Throw: 10 darts (poison)
Press: ? - help, Shift-Dir - straight line, f - ogre
Aim: an ogre, wielding a +0 giant spiked club (72% to hit)
You throw a poisoned dart. The poisoned dart hits the ogre.
A giant cockroach comes into view.
There is a staircase to the Ecumenical Temple here.
There is an open door here.
Throw: 9 darts (poison)
Press: ? - help, Shift-Dir - straight line, f/p - ogre
Aim: an ogre, wielding a +0 giant spiked club (72% to hit)
You throw a poisoned dart. The poisoned dart hits the ogre.
The ogre is poisoned.
The flow of time bends around you.
The ogre resists with some effort.
The ogre hits you with a +0 giant spiked club.
You puncture the ogre!
The ogre is moderately wounded.
The ogre hits you with a +0 giant spiked club!!
Ouch! That really hurt!
You die...

#......#'##........#..........
#......#..#(.......#..........
#......'..#........#####.#####
#......#..##+##.......##.###..
..#'####..##..#.......#.......
. .' #.......+.......'..†....
.. #.....(.#.......#.###.##
...###########.#......##.# ###
....K..#.....#@#.....^#..#
.......#.....#O#......#..#
..B....#.....#K#......#..#
...(...'..>O.'.#......#..#
#'##+###..K..###......####
#.....#......#####
#.....#......#...#
#######......'...#
#............#..##


You could see an ogre (poisoned) and a kobold.

Vanquished Creatures
  3 adders
  A worm (D:2)
  5 dart slugs
  6 ball pythons
  4 bats
  5 endoplasms
  A giant cockroach (D:1)
  5 goblins
  A hobgoblin (D:2)
  4 quokkas
  6 frilled lizards (D:1)
  7 kobolds
  10 rats
58 creatures vanquished.

Vanquished Creatures (others)
  3 plants
  A withered plant (D:1)
4 creatures vanquished.

Grand Total: 62 creatures vanquished

Notes
Turn   | Place    | Note
-------+----------+-------------------------------------------
     0 | D:1      | acemry the Octopode Transmuter began the quest for the Orb.
     0 | D:1      | Reached XP level 1. HP: 13/13 MP: 3/3
   439 | D:1      | Reached XP level 2. HP: 14/18 MP: 3/5
   599 | D:1      | Found a faded altar of an unknown god.
   670 | D:1      | Reached skill level 3 in Transmutations
  1128 | D:1      | Reached XP level 3. HP: 23/23 MP: 4/6
  1969 | D:2      | Reached skill level 4 in Transmutations
  2257 | D:2      | Reached XP level 4. HP: 20/28 MP: 5/7
  3899 | D:4      | Learned a level 3 spell: Spider Form
  4061 | D:4      | Found a staircase to the Ecumenical Temple.
  4070 | Temple   | Entered the Ecumenical Temple
  4133 | Temple   | Became a worshipper of Cheibriados the Contemplative
  4146 | D:4      | Noticed an ogre
  4159 | D:4      | Mangled by an ogre

Illustrated notes

Levels and vault maps discovered:
D:1:      dpeg_arrival_three_smaller_balls, layout_basic,
          shapermc_ecumenical_altar_flowoftime
D:2:      layout_loops_corners, serial_forest, infiniplex_forest_lined_3,
          infiniplex_forest_end_1, infiniplex_forest_clump_small,
          infiniplex_forest_lined_2, infiniplex_forest_lined_ring,
          infiniplex_forest_straight_1, infiniplex_forest_join,
          infiniplex_forest_zigzag_2, grunt_ministairs_12, st_stairs_8
D:3:      layout_basic, corexii_shack
D:4:      layout_gridville, temple_green
Temple:   eino_wide_crystal_templ

Skill      XL: |  1  2  3 |
---------------+----------+-----
Transmutations | 3 4 |  4.7
Fighting       | |  1.0
Dodging        | |  2.0
Unarmed Combat | |  3.0
Spellcasting   | |  2.0
Poison Magic   | |  0.1

Action                   |  1- 3 |  4- 6 || total
-------------------------+-------+-------++-------
Melee: Unarmed           |    37 |       ||    37
       Kick              |    21 |     8 ||    29
       Constrict         |    23 |    13 ||    36
       Tentacles         |     9 |     5 ||    14
       Dagger            |    34 |       ||    34
       Rapier            |    12 |    43 ||    55
       Punch             |     1 |       ||     1
Throw: Dart              |       |     2 ||     2
 Cast: Beastly Appendage |    26 |    18 ||    44
Invok: Bend Time         |       |     1 ||     1
  Use: Scroll            |     6 |     1 ||     7
 Stab: Sleeping          |     4 |     6 ||    10
Armor: Skin              |     2 |     3 ||     5
Dodge: Dodged            |    58 |    30 ||    88
Block: Other             |     3 |     2 ||     5
